 Dungeon Crawl Stone Soup version 0.30-b1-2-g02819fbbbe (webtiles) character file.

Game seed: 11476981790448299893

9 Angani the Sneak (level 2, 0/24 HPs)
             Began as a Demonspawn Delver on May 18, 2023.
             Slain by an adder (3 damage)
             ... on level 5 of the Dungeon.
             The game lasted 00:02:13 (163 turns).

Angani the Sneak (Demonspawn Delver)                 Turns: 163, Time: 00:02:14

Health: 0/24       AC:  3    Str: 12    XL:     2   Next: 3%
Magic:  2/2        EV: 11    Int: 11    God:
Gold:   0          SH:  0    Dex: 14    Spells: 1/1 levels left

rFire   . . .        a - +0 short sword
rCold   . . .        (no shield)
rNeg    . . .        b - +0 leather armour
rPois   .            (no helmet)
rElec   .            (no cloak)
rCorr   .            (no gloves)
SInv    .            (no boots)
Will    .....        (no amulet)
Stlth   ++           (no ring)
HPRegen 0.24/turn    (no ring)
MPRegen 0.08/turn

%: no passive effects
@: lethally poisoned (0 -> -11)
A: demonic magic 1
a: no special abilities


You were on level 5 of the Dungeon.
You visited 1 branch of the dungeon, and saw 2 of its levels.

Inventory:

Hand Weapons
 a - a +0 short sword (weapon)
Armour
 b - a +0 leather armour (worn)
Wands
 g - a wand of digging (3)
Scrolls
 c - a scroll of fog
 d - 2 scrolls of magic mapping
 e - a scroll of fear
Potions
 f - a potion of haste


   Skills:
 + Level 3.3 Fighting
 + Level 2.1 Short Blades
 - Level 1.7 Dodging
 - Level 4.5 Stealth


You had one spell level left.
You didn't know any spells.
Your spell library was empty.

Dungeon Overview and Level Annotations

Branches:
Dungeon (6/15)
 Temple: D:4-7

Altars:

Annotations:
D:5 Pikel


Innate Abilities, Weirdness & Mutations

Spells you cast may paralyse adjacent enemies.


Message History

A menacing aura infuses your magic.
You open the door.
An adder comes into view.
The adder hisses angrily.
You close the door.
The adder barely misses you.
Okay, then.
The adder barely misses you.
You climb upwards.
Level annotation: Pikel The lemure closely misses you.
There is a stone staircase leading down here.
Unknown command.
The lemure attacks as you move away! The lemure misses you.
The adder bites you. The adder bites you.
You open the door. The lemure hits you. The adder closely misses you.
The lemure attacks as you move away! The lemure closely misses you.
There is an open door here.
The lemure attacks as you move away! The lemure hits you.
The adder bites you but does no damage. The adder attacks as you move away!
The adder closely misses you. The adder misses you.
The adder attacks as you move away! The adder barely misses you.
The adder bites you. The adder attacks as you move away! The adder bites you.
The adder bites you. The adder attacks as you move away! The adder bites you.
The adder attacks as you move away! The adder barely misses you.
The adder bites you.
* * * LOW HITPOINT WARNING * * *
You are poisoned.
The adder poisons you!
Okay, then.
Okay, then.
* * * LOW HITPOINT WARNING * * *
You feel sick. The adder bites you.
* * * LOW HITPOINT WARNING * * *
You are more poisoned.
The adder poisons you! The adder bites you.
You die...

##.###....# #..#
#..5S###..# #...5K....#
########....####5#####
.......'.....5.......###.#
.#######.................#
##..####.####.##### #..#
#S# #.# ########..#
#@####.# ..........#
#.S....# ##########.##
######## ............#
##########..# ## #..# .#
#..# ######### .###
#####..# #.......# ...#
#......# #.#####.#


You could see a lemure and 2 adders.

Vanquished Creatures
  An adder (D:6)
1 creature vanquished.

Notes
Turn   | Place    | Note
-------+----------+-------------------------------------------
     0 | D:5      | Angani the Demonspawn Delver began the quest for the Orb.
     0 | D:5      | Reached XP level 1. HP: 18/18 MP: 1/1
   135 | D:5      | Noticed a lemure
   135 | D:5      | Noticed a lemure
   135 | D:5      | Noticed a lemure
   135 | D:5      | Noticed a lemure
   135 | D:5      | Noticed Pikel
   138 | D:6      | Noticed an orc priest
   140 | D:6      | Gained mutation: Spells you cast may paralyse adjacent
                  | enemies. [demonic ancestry]
   140 | D:6      | Reached XP level 2. HP: 24/24 MP: 2/2
   163 | D:5      | Slain by an adder

Illustrated notes

Levels and vault maps discovered:
D:5:      layout_basic, uniq_ijyb, uniq_pikel, uniq_sigmund
D:6:      layout_gridville

Skill      XL: |  1 |
---------------+----+-----
Short Blades   | 2 |  2.1
Fighting       | |  3.3
Dodging        | |  1.7
Stealth        | |  4.5

Action                     || total
---------------------------++-------
  Melee: Short sword       ||     1
   Stab: Sleeping          ||     1
 Armour: Leather armour    ||     1
  Dodge: Dodged            ||    10
